[Event "Early-Titled-Tuesday-Blitz-April-23-2024"]
[Site "Chess.com"]
[Date "2024.04.23"]
[Round "4"]
[White "thesupera12"]
[Black "temiksmozg"]
[Result "1/2-1/2"]
[WhiteElo "2444"]
[BlackElo "2659"]
[TimeControl "180+1"]
[EndTime "8:40:32 PDT"]
[Termination "Game drawn by agreement"]

1. d4 d5 2. c4 e6 3. Nc3 Nf6 4. Nf3 Be7 5. g3 dxc4 6. Qa4+ Bd7 7. Qxc4 Bc6 8. Bg2 Nbd7 9. O-O O-O 10. Rd1 a6 11.
Bg5 h6 12. Bxf6 Bxf6 13. Ne5 Bxg2 14. Nxd7 Bc6 15. Nxf6+ Qxf6 16. Rac1 Rad8 17. d5 exd5 18. Nxd5 Bxd5 19. Rxd5 Rxd5 20. Qxd5 Qxb2 21. Rxc7 Qxe2 22.
Rxb7 Kh8 23. Rxf7 Rc8 24. Kg2 Qb5 25. Qf3 Qb1 26. a3 Rc1 27. Rf8+ Kh7 28. Qf7 Rg1+ 29. Kh3 Qf1+ 30. Kh4 Qd3 31. Qf5+ Qxf5 32. Rxf5 Ra1 33. Ra5 Ra2 34. f4 Rxh2+ 35. Kg4 Ra2 36. Rxa6 Ra1 37. a4 Ra3 38. a5 Kg8 39. Ra7 Kf8 40. a6 Kg8 41. Kh4 Ra4 42. Kg4 Ra3 43. Ra8+ Kf7 44. a7 Kg6 45. Kh4 Ra4 46. g4 Ra3 47. f5+ Kh7 48. g5 Ra4+ 49. Kh5 hxg5 50. Kxg5 Ra1 51. Kf4 Ra2 52. Ke5 Ra1 53. Ke6 Ra2 54. Kf7 Ra6 55. Ke7 Ra1 56. Kd7 Rd1+ 57. Kc6 Rc1+ 58. Kd5 Rd1+ 59. Ke6 Ra1 60. Kf7 Ra6 61. Ke7 Ra1 62.
f6 gxf6 63. Kxf6 Ra2 64. Ke5 Ra1 65. Kd4 Ra2 66. Kc3 Ra1 67. Kb4 Rb1+ 68. Kc5 Rc1+ 69. Kd4 Rd1+ 70. Kc3 Ra1 71. Kb2 Ra6 1/2-1/2

[Event "Early-Titled-Tuesday-Blitz-April-23-2024"]
[Site "Chess.com"]
[Date "2024.04.23"]
[Round "4"]
[White "ural58"]
[Black "biostatistician"]
[Result "1-0"]
[WhiteElo "2573"]
[BlackElo "2743"]
[TimeControl "180+1"]
[EndTime "8:40:34 PDT"]
[Termination "ural58 won on time"]

1. e4 e5 2. Nf3 Nc6 3. Bc4 Bc5 4. b4 Bxb4 5. c3 Be7 6. d4 Na5 7. Be2 d6 8. Qa4+ c6 9. dxe5 dxe5 10. Nxe5 Nf6 11.
Bf4 O-O 12. Nd2 b5 13. Qc2 a6 14. O-O Be6 15. a4 Qc8 16. h3 Rd8 17. Rab1 Nd7 18. Ndf3 Nxe5 19. Nxe5 f6 20. Nf3 Nc4 21. Rbd1 Qb7 22.
e5 fxe5 23. Nxe5 Nxe5 24. Bxe5 Bd5 25. Bd3 h6 26. Bh7+ Kh8 27. Qg6 Bg5 28. f4 Qe7 29.
Rde1 Bf6 30. Bd4 Qf7 31. Qxf7 Bxf7 32. Bxf6 gxf6 33. Be4 Bd5 34. Bxd5 Rxd5 35. Re6 Rc5 36. axb5 axb5 37. Rf3 Kg7 38. Rd6 Ra3 39. Rd7+ Kg6 40. Rdd3 h5 41. g4 hxg4 42. hxg4 Rc4 43. Kf2 c5 44. Kg3 b4 45. cxb4 Rxd3 46. Rxd3 cxb4 47. Rd8 b3 48. Rb8 Rc3+ 49. Kh4 Rf3 50. f5+ Kf7 51. Rb7+ Kf8 52. Kh5 Rg3 53. Kg6 Rxg4+ 54. Kxf6 1-0

[Event "Early-Titled-Tuesday-Blitz-April-23-2024"]
[Site "Chess.com"]
[Date "2024.04.23"]
[Round "4"]
[White "Let_it_be_1"]
[Black "duone"]
[Result "1/2-1/2"]
[WhiteElo "2635"]
[BlackElo "2432"]
[TimeControl "180+1"]
[EndTime "8:40:34 PDT"]
[Termination "Game drawn by stalemate"]

1. e4 c5 2. Nf3 e6 3. d4 cxd4 4. Nxd4 Nc6 5. Nc3 Nf6 6. Ndb5 Bc5 7. Nd6+ Ke7 8. Bf4 e5 9. Nf5+ Kf8 10. Bg5 Bb4 11. Qd3 d5 12. Bxf6 Qxf6 13. Qxd5 Bxf5 14. exf5 Rd8 15. Qe4 Rd4 16. Qe3 Qxf5 17. Bd3 e4 18.
Be2 Ke7 19. O-O Rhd8 20. Rad1 Kf8 21. Rxd4 Nxd4 22. Bd1 Bc5 23. Qxe4 Qxe4 24. Nxe4 Bb6 25. c3 Nc6 26. Bg4 g6 27. Ng5 Kg7 28. Rd1 h6 29.
Rxd8 Nxd8 30. Nh3 f5 31. Bf3 Bc7 32. g3 b6 33. Nf4 Bxf4 34. gxf4 Ne6 35. Kg2 Nxf4+ 36.
Kg3 Nd3 37. b4 Nc1 38. a3 Kf6 39. c4 Ke6 40. Kf4 Nd3+ 41. Ke3 Ne5 42. Bd5+ Kd6 43. h3 b5 44. Kd4 bxc4 45. Bxc4 g5 46. Bb3 h5 47. a4 g4 48. hxg4 fxg4 49. Bc2 h4 50. Be4 h3 51. Ke3 h2 52. Bh1 Nf3 53. Kf4 Ne1 54. Kg3 Nd3 55. Kxh2 Nxf2 56. Bg2 Nd3 57. b5 Kc5 58. a5 Kxb5 59. Bf1 Kc4 60. Kg3 Kd4 61.
Bxd3 Kxd3 62. Kxg4 Kc4 63. Kf3 Kb5 64. Ke2 Kxa5 65.
Kd2 Kb4 66. Kc2 a5 67. Kb1 Kb3 68. Ka1 a4 69. Kb1 a3 70. Ka1 a2 1/2-1/2

[Event "Early-Titled-Tuesday-Blitz-April-23-2024"]
[Site "Chess.com"]
[Date "2024.04.23"]
[Round "4"]
[White "JacksterThePro"]
[Black "Maria_Elayza"]
[Result "1-0"]
[WhiteElo "2473"]
[BlackElo "2158"]
[TimeControl "180+1"]
[EndTime "8:40:34 PDT"]
[Termination "JacksterThePro won by resignation"]

1. e4 e6 2. d3 d5 3. Nd2 dxe4 4. dxe4 Nd7 5. Ngf3 Ngf6 6. e5 Ng8 7. Ne4 Ne7 8. Bd3 Nc6 9. Bf4 Bb4+ 10. c3 Be7 11.
Qe2 a6 12. O-O-O b5 13. Kb1 Bb7 14. h4 Qb8 15. Neg5 Nd8 16. Nxh7 c5 17. h5 c4 18. Bc2 b4 19. Qxc4 Bd5 20. Rxd5 exd5 21. Qxd5 bxc3 22. Bb3 Qb4 23. Rd1 Ra7 24. Be3 Rb7 25.
Nhg5 Qb5 26. Qe4 cxb2 27. Nxf7 Nxf7 28. Qg6 Rf8 29. e6 Kd8 30. exf7 Qb6 31. Qd3 Qc6 32. Nd4 Qd6 33. Ne6+ Qxe6 34. Bxe6 Rc7 35. Bxd7 Bd6 36. Qxd6 Rxf7 37. Be6+ Ke8 38. Qxc7 Rxc7 39. Bb3 Rb7 40.
Kxb2 Rc7 41. Rd2 a5 42. Rc2 Ke7 43. Rxc7+ Kf6 44. Bd4+ Kf5 45. Rxg7 1-0

[Event "Early-Titled-Tuesday-Blitz-April-23-2024"]
[Site "Chess.com"]
[Date "2024.04.23"]
[Round "4"]
[White "HanSchut"]
[Black "LiadCuba"]
[Result "1-0"]
[WhiteElo "2342"]
[BlackElo "2519"]
[TimeControl "180+1"]
[EndTime "8:40:35 PDT"]
[Termination "HanSchut won by checkmate"]

1. e4 c5 2. Nf3 d6 3. d4 cxd4 4. Nxd4 Nf6 5. f3 e5 6. Bb5+ Nbd7 7. Nf5 a6 8. Bxd7+ Qxd7 9. Bg5 Qc6 10. Ne3 Be6 11. Bxf6 gxf6 12. Nc3 O-O-O 13. Ncd5 Kb8 14. c4 Bh6 15. b3 Qc5 16. Qd3 Rhg8 17. g4 Bg5 18. h4 Bxe3 19. Nxe3 b5 20. Ke2 h5 21.
Rhg1 hxg4 22. fxg4 Rh8 23. h5 Rdg8 24. cxb5 Qxb5 25.
Qxb5+ axb5 26. a4 Bxb3 27. axb5 Kb7 28. Ra6 Ra8 29. Rga1 Rxa6 30. Rxa6 Rd8 31. Nf5 Bc4+ 32. Ke3 Bxb5 33. Rxd6 Rg8 34. Kf3 Ba4 35. Ne3 Kc7 36.
Rxf6 Bb3 37. h6 Kd7 38. g5 Ke7 39. Rf5 Be6 40. Nd5+ Kd6 41. Kg4 Bxf5+ 42. Kxf5 Rh8 43. Kf6 Ra8 44. Kxf7 Kc5 45. h7 Kd4 46. g6 Kxe4 47.
Nf6+ Kf5 48. Ng8 Ra7+ 49. Kf8 Kxg6 50. h8=Q Ra8+ 51. Ke7 Ra7+ 52. Kd6 Ra6+ 53. Kc5 Kf5 54. Qh5+ Ke4 55. Ne7 Ra5+ 56. Kb4 Ra7 57. Qf5+ Kd4 58.
Nc6+ Kd5 59. Nxa7 Kd6 60. Nb5+ Kd5 61. Nc3+ Kd4 62. Qe4# 1-0

[Event "Early-Titled-Tuesday-Blitz-April-23-2024"]
[Site "Chess.com"]
[Date "2024.04.23"]
[Round "4"]
[White "samidescalona2002"]
[Black "dvglko"]
[Result "1-0"]
[WhiteElo "2736"]
[BlackElo "2442"]
[TimeControl "180+1"]
[EndTime "8:40:36 PDT"]
[Termination "samidescalona2002 won by resignation"]

1. d4 d5 2. c4 c6 3. Nf3 Nf6 4. Qc2 dxc4 5. Qxc4 Bf5 6. g3 e6 7. Bg2 Qd5 8. Qa4 Nbd7 9. Nc3 Qd6 10. O-O Qb4 11. Qd1 Be7 12. a3 Qb6 13. Nh4 O-O 14. e4 Bg4 15. f3 Bh5 16. g4 Bg6 17. f4 Nxe4 18. Nxg6 Nxc3 19. Nxe7+ Kh8 20. bxc3 Rfe8 21.
Nxc6 bxc6 22. Qf3 Rac8 23. Be3 Qb3 24. Rfc1 Nf6 25. h3 Nd5 26. Bf2 Qc4 27. Bf1 Qb3 28. Be2 Rb8 29. c4 Qxf3 30. Bxf3 Nxf4 31. Bg3 Rb3 32.
Bxf4 Rxf3 33. Bd6 Rxh3 34. Kg2 Rd3 35. Rd1 Rc3 36. Rac1 Rb3 37. Rb1 Rc3 38. Rdc1 Rd3 39. Bc5 a6 40. Rb7 f5 41. Rf1 Rd2+ 42. Kg3 Rd3+ 43.
Kh4 fxg4 44. Rff7 Rg8 45. Bf8 g5+ 46. Kxg4 h5+ 47. Kxh5 Rh3+ 48. Kg4 Rh4+ 49. Kg3 Rh1 50. Bg7+ Kh7 51. Be5+ Kh6 52. Rh7+ Kg6 53. Rxh1 1-0

[Event "Early-Titled-Tuesday-Blitz-April-23-2024"]
[Site "Chess.com"]
[Date "2024.04.23"]
[Round "4"]
[White "SoCalJuniorChess"]
[Black "vedantgoswami"]
[Result "0-1"]
[WhiteElo "2141"]
[BlackElo "2337"]
[TimeControl "180+1"]
[EndTime "8:40:36 PDT"]
[Termination "vedantgoswami won by resignation"]

1. d4 Nf6 2. Nc3 d5 3. Bf4 Bf5 4. Nb5 Na6 5. f3 c6 6. Nc3 e6 7. g4 Bg6 8. h4 h5 9. g5 Nd7 10.
e3 Qb6 11. Bd3 Qxb2 12. Nge2 Bxd3 13. cxd3 Nb4 14. Rb1 Qc2 15. O-O b5 16. a3 Qxd1 17. Rfxd1 Na6 18. Rdc1 Bxa3 19. Rc2 Ke7 20. Ra2 b4 21.
Na4 Rhc8 22. Nec3 f6 23. Rb3 e5 24. gxf6+ gxf6 25. dxe5 Nxe5 26. Bxe5 fxe5 27. Nb1 Bc1 28.
Kf2 d4 29. exd4 exd4 30. Nd2 Bxd2 31. Rxd2 c5 32. Ra2 Kd6 33. Nb2 Nc7 34. Nc4+ Kc6 35. Ne5+ Kb7 36. Ra5 Ne6 37. Nd7 Rc7 38. Nf6 Rf8 39.
Nxh5 Kb6 40. Ra1 a5 41. Rg1 Kb5 42. Rg6 Rc6 43. Ng3 a4 44. Rb1 a3 45. h5 a2 46. Ra1 b3 47. h6 b2 48. Rxa2 b1=Q 49.
Re2 Nf4 50. Re7 Qc2+ 51. Ne2 Nxd3+ 52. Kg3 Rcf6 53. Rgg7 Rxf3+ 54. Kg4 Qd1 55. Rb7+ Kc4 56. h7 Qh1 0-1

[Event "Early-Titled-Tuesday-Blitz-April-23-2024"]
[Site "Chess.com"]
[Date "2024.04.23"]
[Round "4"]
[White "grzechu96"]
[Black "JiaHaoxiang"]
[Result "1-0"]
[WhiteElo "2789"]
[BlackElo "2575"]
[TimeControl "180+1"]
[EndTime "8:40:41 PDT"]
[Termination "grzechu96 won by resignation"]

1. e4 c5 2. Nf3 d6 3. d4 cxd4 4.
Nxd4 Nf6 5. Nc3 g6 6. Be2 Bg7 7. O-O O-O 8. Nb3 Nc6 9. Re1 a6 10. Bf1 b5 11. Nd5 Bb7 12. c3 Nd7 13. Bg5 h6 14. Bh4 Re8 15. a4 bxa4 16. Rxa4 Nb6 17. Ra1 Nxd5 18. exd5 Ne5 19. Na5 Qb6 20. Qd2 g5 21. Bg3 Reb8 22. Re4 Bc8 23. Rb4 Qc7 24. Rxb8 Rxb8 25. h4 Qb6 26. b4 Qc7 27. Ra3 Ng6 28. hxg5 hxg5 29. Nc6 Rb6 30. Qxg5 Rxc6 31. dxc6 Qxc6 32.
c4 Bb7 33. b5 axb5 34. cxb5 Qe4 35. Qe3 Qd5 36. Qd3 Bd4 37. Qf3 Qxf3 38. gxf3 Bc5 39.
Ra1 e5 40. Kg2 f5 41. Bd3 e4 42. fxe4 fxe4 43. Bc4+ d5 44. Bb3 Kg7 45. Rc1 Bb6 46. Bc7 Bd4 47. Ba5 Nf4+ 48. Kf1 Be5 49. Bc7 Nd3 50.
Bxe5+ Kg6 51. Rc7 Nxe5 52. Rxb7 d4 53. Re7 Kf6 54. Re6+ Kf5 55. b6 d3 56. Rxe5+ Kxe5 57. b7 1-0

[Event "Early-Titled-Tuesday-Blitz-April-23-2024"]
[Site "Chess.com"]
[Date "2024.04.23"]
[Round "4"]
[White "Byniolus"]
[Black "karinachess1"]
[Result "1-0"]
[WhiteElo "2837"]
[BlackElo "2606"]
[TimeControl "180+1"]
[EndTime "8:40:42 PDT"]
[Termination "Byniolus won by resignation"]

1. d4 Nf6 2. Nf3 e6 3. Bf4 b6 4. e3 Bb7 5. h3 Bd6 6. Bxd6 cxd6 7. Nbd2 O-O 8. Be2 d5 9. O-O Nc6 10. c4 dxc4 11. Nxc4 d5 12. Nce5 Nxe5 13. Nxe5 Qd6 14. Qa4 a6 15. Rfc1 Rfc8 16. a3 h6 17. b4 Rc7 18. Bd3 Rac8 19. Qd1 Rc3 20. Rxc3 Rxc3 21. Qe2 b5 22. Qb2 Rc8 23. Bf1 Qc7 24. Nd3 Nd7 25.
Nc5 Nb6 26. a4 bxa4 27. Bd3 Ra8 28. Qc3 g6 29. Nxa4 Qxc3 30. Nxc3 Kf8 31. Kf1 Ke7 32.
Ke2 Kd6 33. Kd2 g5 34. g3 f6 35. Ra2 Bc8 36. Ne2 Bb7 37. f3 e5 38. Nc3 exd4 39. exd4 Bc8 40. h4 Bb7 41. h5 Bc8 42. f4 Bb7 43. Nd1 Bc8 44. Ne3 Bb7 45. Nf5+ Ke6 46.
Nxh6 Rh8 47. Bf5+ Ke7 48. fxg5 fxg5 49. Ng4 Rxh5 50. Kc3 Rh8 51. Re2+ Kd8 52. Ne5 Nd7 53. Nf7+ Kc7 54. Nxh8 Nb6 55. Re7+ 1-0

[Event "Early-Titled-Tuesday-Blitz-April-23-2024"]
[Site "Chess.com"]
[Date "2024.04.23"]
[Round "4"]
[White "TenisMaster"]
[Black "Makswolf200817"]
[Result "1/2-1/2"]
[WhiteElo "2976"]
[BlackElo "2806"]
[TimeControl "180+1"]
[EndTime "8:40:43 PDT"]
[Termination "Game drawn by repetition"]

1. e4 c5 2. Nf3 d6 3. d4 cxd4 4. Nxd4 Nf6 5. Nc3 a6 6. Be3 e5 7. Nb3 Be7 8. f3 Be6 9. Qd2 h5 10. O-O-O Nbd7 11. g3 Rc8 12. Kb1 b5 13. Nd5 Bxd5 14. exd5 Nb6 15. Bxb6 Qxb6 16. Bh3 Rc7 17. Rhe1 O-O 18. f4 exf4 19. gxf4 Re8 20. Nd4 Bf8 21.
Rxe8 Nxe8 22. Nc6 Nf6 23. Bg2 Rc8 24. Re1 Re8 25. a3 Qc5 26. Rxe8 Nxe8 27. Qd4 Qxd4 28.
Nxd4 g6 29. Nc6 Bh6 30. f5 Bf4 31. fxg6 fxg6 32. h3 g5 33. Bf3 Nf6 34. Nb8 g4 35. hxg4 hxg4 36. Bg2 a5 37. Nc6 Bd2 38. c3 Nh5 39.
Kc2 Be3 40. Bf1 g3 41. Ne7+ Kf8 42. Nf5 Bf4 43. Nh4 Bg5 44. Ng2 Nf6 45. Bxb5 Nxd5 46.
Kd3 Bc1 47. Kc2 Bg5 48. Bc6 Ne3+ 49. Nxe3 Bxe3 50. b4 axb4 51. cxb4 Ke7 52. Kd3 Bf2 53. a4 Kd8 54. a5 Kc7 55. Bd5 Be1 56. Kc4 Kb8 57.
Kb5 Ka7 58. Ka4 Bf2 59. Kb5 Be1 60. Bg2 Bd2 61. Ka4 Be1 62. b5 Bf2 63. Kb3 Be1 64.
Ka4 Bf2 65. Bf3 Be3 66. Bg2 Bf2 1/2-1/2

[Event "Early-Titled-Tuesday-Blitz-April-23-2024"]
[Site "Chess.com"]
[Date "2024.04.23"]
[Round "4"]
[White "MaxLeto"]
[Black "Boxerandchessplayer"]
[Result "1-0"]
[WhiteElo "2432"]
[BlackElo "2217"]
[TimeControl "180+1"]
[EndTime "8:40:43 PDT"]
[Termination "MaxLeto won on time"]

1. g4 d5 2. Bg2 Bxg4 3. c4 e6 4. Qb3 c6 5. Qxb7 Nd7 6. Nc3 Ngf6 7. d4 Be7 8. h3 Bh5 9. Bf4 O-O 10. c5 Qc8 11.
Qxc8 Raxc8 12. Nf3 Rfe8 13. O-O Bd8 14. Bd6 Bc7 15. Ne5 Bxd6 16. cxd6 c5 17. e3 cxd4 18. exd4 Red8 19. Rfc1 Nb6 20. Nb5 a6 21. Nc7 Be2 22. Rc6 Nc4 23. Nxc4 Bxc4 24. b3 Bb5 25. Rb6 Ne8 26.
a4 Nxd6 27. axb5 Rxc7 28. bxa6 Ra7 29. Bf1 Rdd7 30. Rc1 Ne8 31. Rcc6 Kf8 32. b4 Rdc7 33. b5 Ke7 34. Rxc7+ Nxc7 35. Rb8 Nxb5 36. Bxb5 Kd6 37.
Rh8 h6 38. Rh7 g6 39. Rxh6 Kc7 40. Bf1 Kb6 41. Rh7 Ka5 42. Kg2 Kb4 43. Kf3 Kc3 44.
Ke3 e5 45. dxe5 d4+ 46. Ke4 Re7 47. Rh8 f6 48. e6 Rxe6+ 49. Kd5 1-0

[Event "Early-Titled-Tuesday-Blitz-April-23-2024"]
[Site "Chess.com"]
[Date "2024.04.23"]
[Round "4"]
[White "pfalcon1949"]
[Black "margarita_2703"]
[Result "0-1"]
[WhiteElo "1959"]
[BlackElo "2298"]
[TimeControl "180+1"]
[EndTime "8:40:44 PDT"]
[Termination "margarita_2703 won on time"]

1. e4 e5 2. Nf3 Nc6 3. Nc3 Nf6 4.
Nxe5 Nxe5 5. d4 Ng6 6. e5 Ng8 7.
Bc4 c6 8. Qf3 d5 9. exd6 Nf6 10.
O-O Bxd6 11. Re1+ Be7 12. d5 O-O 13. dxc6 bxc6 14. Qxc6 Rb8 15. Bb3 Bb7 16. Qc4 Rc8 17. Qa4 Bd6 18. Qxa7 Rc7 19. Qa4 Re7 20. Bg5 Nd7 21.
Bxe7 Bxe7 22. Rad1 Bc8 23. Nd5 Bd6 24. Ne3 Qc7 25.
g3 Nf6 26. Qd4 Be5 27. Qd3 Bb7 28. Bd5 Nxd5 29. Nxd5 Qc6 30. c4 f6 31. b3 Rd8 32.
Ne7+ Nxe7 33. Qxd8+ Kf7 34. Rd5 Nxd5 35. cxd5 Qxd5 36.
Qxd5+ Bxd5 37. Rc1 Ke6 38. Rc5 Kd6 39. Ra5 h5 40. f4 Bd4+ 41. Kf1 Be4 42. Ra6+ Kc5 43.
Ra4 Bd3+ 44. Kg2 Be3 45. Kf3 Bd2 46. Ra8 f5 47. Rc8+ Kb4 48. Rb8+ Ka3 49. b4 Be4+ 50. Ke2 Bxb4 0-1

[Event "Early-Titled-Tuesday-Blitz-April-23-2024"]
[Site "Chess.com"]
[Date "2024.04.23"]
[Round "4"]
[White "Elegance_Riks"]
[Black "sergoy"]
[Result "1/2-1/2"]
[WhiteElo "2771"]
[BlackElo "2920"]
[TimeControl "180+1"]
[EndTime "8:40:45 PDT"]
[Termination "Game drawn - insufficient material"]

1. e4 c5 2. c3 Nf6 3. e5 Nd5 4. Nf3 Nc6 5. d4 cxd4 6. cxd4 e6 7. Bd2 d6 8. Nc3 Be7 9. Bb5 O-O 10. O-O Bd7 11. Nxd5 exd5 12. Bd3 dxe5 13. dxe5 Be6 14. Re1 Rc8 15. Rc1 Qd7 16. Ng5 Bxg5 17. Bxg5 d4 18.
Qh5 Bf5 19. Qf3 Bxd3 20. Qxd3 Rfe8 21. Qg3 Qf5 22. Bh6 Qg6 23. Qxg6 hxg6 24. Bf4 Rcd8 25.
Rcd1 Rd5 26. Kf1 Rb5 27. Rd2 a5 28. h4 a4 29. f3 Rc5 30. Bg3 Rd5 31. Re4 Rc5 32. Re1 Rd8 33. e6 fxe6 34. Rxe6 Kf7 35. Re4 Rc1+ 36. Ke2 d3+ 37. Ke3 Ne7 38. Bf4 Nf5+ 39.
Kf2 b5 40. g4 Nh6 41. Bg5 Rd7 42. Re3 Rb1 43. a3 Ng8 44. Rexd3 Rxd3 45. Rxd3 Rxb2+ 46. Ke3 Nf6 47. Bxf6 gxf6 48. Kf4 Rb3 49. Ke3 Rb1 50. Kd4 Ke6 51. Kc5 Ke5 52. Re3+ Kf4 53. Re6 Kxf3 54. Rxf6+ Kxg4 55. Rxg6+ Kxh4 56. Rb6 Rb3 57. Rxb5 Rxa3 58. Ra5 Kg4 59. Kb4 Ra1 60. Rxa4 Rxa4+ 61. Kxa4 1/2-1/2

[Event "Early-Titled-Tuesday-Blitz-April-23-2024"]
[Site "Chess.com"]
[Date "2024.04.23"]
[Round "4"]
[White "chess_sharparchitect"]
[Black "EliteChess0967"]
[Result "1/2-1/2"]
[WhiteElo "2226"]
[BlackElo "2425"]
[TimeControl "180+1"]
[EndTime "8:40:45 PDT"]
[Termination "Game drawn by repetition"]

1. c4 Nf6 2. Nc3 c5 3. Nf3 Nc6 4. e3 g6 5. d4 cxd4 6. exd4 d5 7.
cxd5 Nxd5 8. Bb5 Bg7 9. O-O O-O 10. Bxc6 bxc6 11. h3 Nxc3 12. bxc3 c5 13. Ba3 cxd4 14. Nxd4 Bd7 15. Re1 Re8 16. Qf3 Rc8 17. Rad1 Qa5 18.
Bxe7 Rxc3 19. Qb7 Bc8 20. Bb4 Rxe1+ 21. Rxe1 Bxb7 22. Re8+ Bf8 23. Rxf8+ Kg7 24. Bxa5 Rc1+ 25. Kh2 Kxf8 26. Ne2 Rc2 27. Bb4+ Ke8 28. Nc3 Bc8 29. Kg3 Be6 30. a3 Kd7 31. Nb5 a6 32. Nd4 Ra2 33. f3 h5 34. h4 Kc7 35. Nxe6+ fxe6 36.
Kh3 Kd7 37. g4 hxg4+ 38. fxg4 Ra1 39. Kg3 e5 40. h5 gxh5 41. gxh5 Rh1 42. Kg4 Ke6 43.
Kg5 Kd5 44. Kg6 e4 45. h6 e3 46. h7 e2 47. Kg7 Rg1+ 48. Kf7 Rh1 49. Kg7 Ke4 50.
h8=Q Rxh8 51. Kxh8 Kd3 52. Kg7 Kc2 53. Kf6 Kd1 54. Ke5 e1=Q+ 55. Bxe1 Kxe1 56. Ke4 Kd2 57. Kd4 a5 58. a4 Ke2 59. Kc4 Ke3 60. Kb5 Kd4 61.
Kxa5 Kc5 62. Ka6 Kc6 63. Ka7 Kc7 64. a5 Kc8 65. a6 Kc7 66. Ka8 Kc8 67. Ka7 Kc7 68.
Ka8 Kc8 69. Ka7 1/2-1/2

[Event "Early-Titled-Tuesday-Blitz-April-23-2024"]
[Site "Chess.com"]
[Date "2024.04.23"]
[Round "4"]
[White "FoxOnTheRun97"]
[Black "Tol_Tol"]
[Result "1-0"]
[WhiteElo "2583"]
[BlackElo "2379"]
[TimeControl "180+1"]
[EndTime "8:40:46 PDT"]
[Termination "FoxOnTheRun97 won on time"]

1. d4 Nf6 2. Bg5 Ne4 3. h4 c5 4. d5 Qb6 5. Nc3 Nxc3 6. bxc3 h6 7. Bd2 g6 8. Rb1 Qc7 9. e4 d6 10. c4 Bg7 11. Ne2 Nd7 12. Bc3 Be5 13. f4 Bf6 14. g3 a6 15. Bh3 b5 16. cxb5 axb5 17. Rxb5 Ba6 18. Bxd7+ Qxd7 19. Bxf6 exf6 20. Rb3 Qg4 21.
Kf2 O-O 22. Re3 Bxe2 23. Qxe2 Qxe2+ 24. Kxe2 Rxa2 25. Kd2 Re8 26. h5 g5 27. e5 fxe5 28.
fxe5 dxe5 29. Rb1 e4 30. Rb5 f5 31. Rxc5 f4 32. gxf4 gxf4 33. Re1 Kg7 34. Rc7+ Kf6 35. d6 Ra6 36. d7 Rd6+ 37. Ke2 Re7 38. Rg1 Kf5 39. d8=Q f3+ 40. Ke3 Rxd8 41. Rxe7 Rc8 42. Rf7+ Ke5 43. Re7+ Kf5 44. Rgg7 Rc3+ 45. Kd2 Rc4 46.
Rgf7+ Kg4 47. c3 Kg3 48. Rf6 Kf2 49. Rfe6 Ra4 50. Rxe4 Ra2+ 51. Kd3 Ra1 52. Rf4 Rd1+ 53. Kc4 Rh1 54. Ref7 1-0

[Event "Early-Titled-Tuesday-Blitz-April-23-2024"]
[Site "Chess.com"]
[Date "2024.04.23"]
[Round "4"]
[White "Jakhongir-Vakhidov"]
[Black "DinaBelenkaya"]
[Result "1-0"]
[WhiteElo "2675"]
[BlackElo "2430"]
[TimeControl "180+1"]
[EndTime "8:40:47 PDT"]
[Termination "Jakhongir-Vakhidov won by checkmate"]

1. b3 d5 2. Bb2 Nf6 3. e3 c6 4. c4 Bf5 5. Nf3 e6 6. Be2 h6 7. O-O Nbd7 8. Nc3 Bd6 9. h3 O-O 10. d4 Ne4 11. Nxe4 Bxe4 12. Bd3 f5 13. Be2 Qf6 14. Ne5 Nxe5 15. dxe5 Qg5 16. f3 Qxe3+ 17. Kh1 Bc7 18. fxe4 fxe4 19. Bg4 Rae8 20. Rxf8+ Kxf8 21. Qf1+ Kg8 22. cxd5 exd5 23. e6 Re7 24. Ba3 Qg3 25. Qg1 h5 26. Bxe7 hxg4 27. h4 e3 28. Rf1 e2 29.
Re1 Qe5 30. Bc5 g3 31. Qd4 Qxe6 32. Qd3 Qg4 33. Be7 Qe6 34. Qxe2 Qf7 35. Qe6 Qxe6 36. Rxe6 Kf7 37. Re2 d4 38. Bc5 d3 39. Rd2 b6 40.
Be3 Bd8 41. Bg5 Bc7 42. Rxd3 g6 43. Rd7+ Ke6 44. Rxc7 Kf5 45. Rxc6 Kg4 46. Rxg6 Kh5 47. Rf6 a5 48. Bf4 a4 49. Bxg3 axb3 50. axb3 b5 51. Rf4 b4 52. Kh2 Kg6 53. Kh3 Kh5 54. Rf5+ Kg6 55. Rb5 Kh6 56. Kg4 Kg6 57. h5+ Kh6 58.
Bf4+ Kg7 59. Kf5 Kh7 60. Rb7+ Kg8 61. Kf6 Kh8 62. Kg6 Kg8 63. Rb8# 1-0

[Event "Early-Titled-Tuesday-Blitz-April-23-2024"]
[Site "Chess.com"]
[Date "2024.04.23"]
[Round "4"]
[White "Rakhmanov_Aleksandr"]
[Black "Grischuk"]
[Result "0-1"]
[WhiteElo "2866"]
[BlackElo "3080"]
[TimeControl "180+1"]
[EndTime "8:40:48 PDT"]
[Termination "Grischuk won by resignation"]

1. d4 e6 2. c4 b6 3. Nc3 Bb4 4. e3 Bxc3+ 5. bxc3 Bb7 6. Qg4 Nf6 7. Qh4 c5 8. f3 Nc6 9. Bd3 Ba6 10. Ne2 d5 11. cxd5 Bxd3 12. dxc6 Bxe2 13. Kxe2 Qd5 14. dxc5 Qxc6 15.
cxb6 axb6 16. Bd2 O-O 17. Rhd1 Ra4 18. Qg5 h6 19. Qe5 Rfa8 20. Ke1 R8a5 21. Qg3 Rxa2 22. Rxa2 Rxa2 23. e4 Kh7 24. Qf2 Nd7 25. Qd4 f6 26. Kf1 Ne5 27. Kg1 b5 28. h3 Nc4 29. Be1 e5 30. Qd3 Qc5+ 31. Kh1 Ne3 32. Rd2 Ra1 33. Qe2 Nc4 34. Rd1 Rxd1 35. Qxd1 Qe3 36. Kh2 Qf4+ 37. Bg3 Qe3 38. Qe1 Qd3 39. Bf2 Nd2 40. Kg1 Nc4 41. Kh2 Nd2 42. Kg1 Nb1 43. Bc5 Nxc3 44. Kh2 Ne2 45. Qb4 Nf4 46. Qb2 Qe2 47. Qxe2 Nxe2 48.
g4 g5 49. Kg2 Kg6 50. Kf2 Nf4 51. Kg3 Nd3 52. Bd6 b4 53. Kg2 b3 54. Ba3 b2 55.
Bxb2 Nxb2 0-1

[Event "Early-Titled-Tuesday-Blitz-April-23-2024"]
[Site "Chess.com"]
[Date "2024.04.23"]
[Round "4"]
[White "Thunderbolt135"]
[Black "FaustinoOro"]
[Result "1-0"]
[WhiteElo "2676"]
[BlackElo "2913"]
[TimeControl "180+1"]
[EndTime "8:40:48 PDT"]
[Termination "Thunderbolt135 won by resignation"]

1. b3 d5 2. Bb2 Nf6 3. e3 Bf5 4. f4 e6 5. Nf3 h6 6. Bd3 Bxd3 7. cxd3 Be7 8. O-O O-O 9. d4 c5 10. Nc3 Nc6 11. dxc5 Bxc5 12. Rc1 Rc8 13. Nb5 Qb6 14. Qe2 Be7 15. Nbd4 Nxd4 16. Bxd4 Qa5 17. d3 Nd7 18.
Qf2 Bf6 19. Bxf6 Nxf6 20. Ne5 Rc7 21. Rxc7 Qxc7 22. Qd2 Rc8 23. h3 Ne8 24. Nf3 Nd6 25. Nd4 Qc3 26. Qxc3 Rxc3 27. Rd1 Kf8 28. Kf2 Ke7 29.
Ke2 f6 30. Kd2 Rc8 31. Rf1 g5 32. g4 Rh8 33. Nf3 Rc8 34. h4 gxh4 35. Nxh4 Rg8 36. Rg1 f5 37. g5 hxg5 38. fxg5 Nf7 39. Nf3 Rh8 40. d4 Nd6 41. Ne5 Ne4+ 42. Ke1 Rc8 43. Kd1 Rc3 44. g6 Kf8 45. g7+ Kg8 46. Nf7 Nf2+ 47.
Kd2 Ne4+ 48. Ke2 Rc2+ 49. Kd1 Rd2+ 50. Ke1 Nf6 51. Nh6+ Kh7 52. Kxd2 Kxh6 53. g8=Q Nxg8 54. Rxg8 1-0

[Event "Early-Titled-Tuesday-Blitz-April-23-2024"]
[Site "Chess.com"]
[Date "2024.04.23"]
[Round "4"]
[White "yonaltimur"]
[Black "chess123456s"]
[Result "0-1"]
[WhiteElo "2407"]
[BlackElo "2613"]
[TimeControl "180+1"]
[EndTime "8:40:48 PDT"]
[Termination "chess123456s won on time"]

1. e4 e5 2. Nf3 Nc6 3. Bb5 a6 4. Ba4 Bc5 5. O-O Nge7 6. c3 Ng6 7. d4 Ba7 8. d5 Nce7 9. d6 cxd6 10. Qxd6 O-O 11.
Rd1 Bb8 12. Qd3 d5 13. exd5 Bf5 14. Qe2 e4 15. Nd4 Qxd5 16. Nxf5 Qxf5 17. Nd2 Qe5 18. Nf1 f5 19. Be3 f4 20. Bd4 f3 21. Qc4+ Kh8 22. Bxe5 Nxe5 23. Qxe4 fxg2 24. Kxg2 N7g6 25. Ng3 Ra7 26. f4 Ng4 27. Rf1 b5 28. Bc2 Re7 29. Qf3 Ne3+ 30. Kh1 Nxc2 31. Rac1 Ne3 32. Rfe1 Bxf4 33.
Ne4 Nh4 34. Qf2 Nhg2 35. Ng3 Nxe1 36. Rxe1 Ree8 37. Qe2 Bh6 38. Nf1 g6 39. Nxe3 Rxe3 40. Qd1 Ref3 41. Qd4+ Bg7 42. Qb6 Rf2 43. Qxa6 Rxb2 44.
a4 bxa4 45. Qxa4 h6 46. Qe4 Kh7 47. Rg1 Rf6 48. c4 Rbb6 49. c5 Rbc6 50. Qd5 Rfe6 51. h4 h5 0-1

[Event "Early-Titled-Tuesday-Blitz-April-23-2024"]
[Site "Chess.com"]
[Date "2024.04.23"]
[Round "4"]
[White "rezamahdavi2008"]
[Black "HansOnTwitch"]
[Result "0-1"]
[WhiteElo "2912"]
[BlackElo "3236"]
[TimeControl "180+1"]
[EndTime "8:40:49 PDT"]
[Termination "HansOnTwitch won by resignation"]

1. e4 c6 2. d4 d5 3. exd5 cxd5 4. Bd3 Nf6 5. c3 Bg4 6. Nf3 Nc6 7. h3 Bh5 8. Bf4 e6 9. Nbd2 Bd6 10. Bxd6 Qxd6 11.
O-O O-O 12. Re1 a6 13. Qb1 Bg6 14. Bxg6 hxg6 15. Ne5 Rfc8 16. Qd3 b5 17. Ndf3 Ne4 18. h4 Rab8 19. a3 a5 20. Ng5 Nxg5 21. hxg5 Nxe5 22.
Rxe5 b4 23. axb4 axb4 24. Ra6 Qc7 25. Re3 bxc3 26. Qxc3 Qf4 27. Qd2 Qxg5 28. Ra7 Qf4 29. g3 Qf5 30. Kg2 Rc2 31. Qe1 f6 32. b3 Rb2 33. Re7 R8xb3 34. Re8+ Kf7 35. R8xe6 Rxe3 36. Rxe3 g5 37. Re7+ Kg6 38. Re3 g4 39. Qf1 Rd2 40. Qe1 Rxd4 41. Qa5 Re4 42. Qd2 Rxe3 43. fxe3 Qf3+ 44.
Kh2 Kf7 45. Qd4 Qf2+ 46. Kh1 Qf1+ 47. Kh2 Qh3+ 48. Kg1 Qxg3+ 49. Kh1 Qf3+ 50. Kh2 Qe4 51. Qc5 Kg6 52. Qc3 Qf3 53. Qd3+ Kg5 54. Qd4 g3+ 55.
Kh3 g2+ 56. Kh2 g1=Q+ 0-1